 Dungeon Crawl Stone Soup version 0.20.1-1-g8b1a95d (webtiles) character file.

5994 Melbolja the Blocker (level 10, -7/84 HPs)
             Began as a Hill Orc Fighter on Oct 1, 2017.
             Was a Believer of Cheibriados.
             Mangled by a two-headed ogre
             ... wielding a +0 giant spiked club
              (9 damage)
             ... on level 9 of the Dungeon.
             The game lasted 00:58:16 (9689 turns).

Melbolja the Blocker (Hill Orc Fighter)             Turns: 9689, Time: 00:58:17

Health: -7/84      AC: 16    Str: 26    XL:     10   Next: 85%
Magic:  8/8        EV:  9    Int: 12    God:    Cheibriados [**....]
Gold:   127        SH: 13    Dex: 15    Spells: 9/9 levels left

rFire    + . .     SeeInvis .   m - +1 short sword (freeze)
rCold    . . .     Gourm    .   c - +1 shield
rNeg     . . .     Faith    .   o - +2 plate armour
rPois    .         Spirit   .   (no helmet)
rElec    .         Reflect  .   (no cloak)
rCorr    .         Harm     .   (no gloves)
MR       .....                  (no boots)
Stlth    ..........             (no amulet)
Regen    0.3/turn               u - ring of wizardry
MPRegen  0.2/turn               A - ring of protection from fire

@: about to teleport, very slow
A: low mp 2, sense surroundings 1
a: Bend Time, Renounce Religion


You were on level 9 of the Dungeon.
You worshipped Cheibriados.
Cheibriados was pleased with you.
You were not hungry.

You visited 2 branches of the dungeon, and saw 10 of its levels.

You collected 457 gold pieces.
You spent 330 gold pieces at shops.

Inventory:

Hand Weapons
 a - a +0 long sword
 i - a +0 dagger of electrocution
 m - a +1 short sword of freezing (weapon)
 p - a +0 shortbow
 s - a cursed -2 long sword
 C - a +0 shortbow
Missiles
 e - 101 arrows
 D - 3 javelins
 L - a tomahawk (quivered)
Armour
 b - a +0 scale mail
 c - a +1 shield (worn)
 o - a +2 plate armour (worn)
Jewellery
 u - a ring of wizardry (left hand)
 A - a ring of protection from fire (right hand)
 M - an uncursed amulet of the gourmand
Wands
 g - a wand of scattershot (6/9)
 E - a wand of scattershot (4/9)
 G - a wand of confusion (40/48)
 H - a wand of iceblast (6/15)
Scrolls
 j - 4 scrolls of remove curse
 k - 2 scrolls of teleportation
 l - a scroll of recharging
 y - a scroll of fog
 F - a scroll of fear
 J - a scroll of torment
Potions
 d - 2 potions of resistance
 h - 2 potions of curing
 r - a potion of mutation
 v - a potion of magic {unknown}
 z - a potion of invisibility {unknown}
 N - a potion of brilliance {unknown}
Books
 x - a book of Power

   Spells                             Type                      Level
   a - Iskenderun's Battlesphere      Conjuration/Charms           5
   b - Venom Bolt                     Conjuration/Poison           5
   c - Bolt of Magma                  Conjuration/Fire/Earth       5
   d - Iron Shot                      Conjuration/Earth            6
   e - Orb of Destruction             Conjuration                  7
   f - Spellforged Servitor           Conjuration/Summoning        7
 B - a book of Callings

   Spells                             Type                      Level
   a - Summon Small Mammal            Summoning                    1
   b - Call Imp                       Summoning                    2
   c - Call Canine Familiar           Summoning                    3
   d - Summon Guardian Golem          Hexes/Summoning              3
   e - Summon Lightning Spire         Summoning/Air                4
   f - Summon Ice Beast               Ice/Summoning                4
Comestibles
 f - 10 bread rations
 t - 5 royal jellies
 w - 5 fruits
 I - 2 meat rations


   Skills:
 + Level 6.8 Fighting
 - Level 4.9(5.3) Short Blades
 - Level 3.2(4.8) Long Blades
 - Level 3.2 Bows
 + Level 5.5 Throwing
 + Level 8.8 Armour
 * Level 4.5 Dodging
 - Level 0.1 Stealth
 + Level 9.2 Shields


You had 9 spell levels left.
You didn't know any spells.

Dungeon Overview and Level Annotations

Branches:
Dungeon (9/15)             Temple (1/1) D:6            Lair (0/6) D:8
    Orc: D:9-12

Altars:
Ashenzari
Cheibriados
Dithmenos
Elyvilon
Fedhas
Gozag
Hepliaklqana
Kikubaaqudgha
Makhleb
Nemelex Xobeh
Okawaru
Qazlal
Ru
Sif Muna
Trog
Uskayaw
Vehumet
Xom
Yredelemnul
Zin
The Shining One

Shops:
D:9 *

Annotations:
D:5 exclusion: oklob plant


Innate Abilities, Weirdness & Mutations

Your magical capacity is very low. (-20% MP)
You passively map a small area around you.


Message History

Cheibriados appreciates the change of pace.
You block the two-headed ogre's attack. x2
The two-headed ogre hits you with a giant spiked club.
* * * LOW HITPOINT WARNING * * *
You block the two-headed ogre's attack. You block the two-headed ogre's attack.
The two-headed ogre hits you with a giant club!
* * * LOW HITPOINT WARNING * * *
You see here 10 gold pieces.
Okay, then.
It was a potion of mutation.
You feel extremely strange.
You feel less energetic. x2
You feel a strange attunement to the structure of the dungeons.
As you read the scroll of teleportation, it crumbles to dust.
You feel strangely unstable.
The two-headed ogre hits you with a giant spiked club.
* * * LOW HITPOINT WARNING * * *
You block the two-headed ogre's attack.
The two-headed ogre hits you with a giant spiked club!
You die...

).##...#)# ##.# #........## #
.....>##.# #..##.........# # ,
#.#... #$).# #.##.......#.####
...... .....# #.##.......#.....
#.... ...?#$###.##..)....##....
#...................#######....
..........#$.##.###..<.........
.......##.##..###########...
........##..@O.#######....... *
..................###### ,
######.....))..#### *
#.........# #.........#
#.........# #...$.....#
#.........# #.........#


You could see a two-headed ogre.

Vanquished Creatures
  Erolcha (D:9)
  A two-headed ogre (D:9)
  Sigmund (D:3)
  4 wyverns
  Grum (D:8)
  A basilisk (D:8)
  A steam dragon (D:8)
  Menkaure (D:5)
  2 water moccasins (D:6)
  2 orc warriors
  4 ice beasts
  A black bear (D:8)
  2 phantoms
  6 ogres
  2 wolves (D:8)
  5 centaurs
  A crocodile (D:8)
  3 bullfrogs
  A scorpion (D:6)
  A bullfrog zombie (D:5)
  5 crimson imps
  2 jellies
  3 hounds
  Natasha (thrice) (D:3)
  An iguana (D:8)
  7 orc wizards
  7 worker ants
  A worker ant zombie (D:7)
  4 gnolls (D:4)
  A howler monkey skeleton (D:9)
  10 adders
  A shadow imp (D:9)
  3 adder zombies
  2 adder skeletons
  3 worms
  A dart slug (D:1)
  3 leopard geckos
  17 orcs
  7 bats
  8 giant cockroaches
  6 goblins
  9 hobgoblins
  6 jackals (D:1)
  3 quokkas
  7 frilled lizards
  7 kobolds
  4 quokka skeletons
  4 rats
176 creatures vanquished.

Vanquished Creatures (others)
  A fungus (D:5)
1 creature vanquished.

Grand Total: 177 creatures vanquished

Notes
Turn   | Place    | Note
-------+----------+-------------------------------------------
     0 | D:1      | Melbolja the Hill Orc Fighter began the quest for the Orb.
     0 | D:1      | Reached XP level 1. HP: 19/19 MP: 1/1
   299 | D:1      | Reached XP level 2. HP: 25/27 MP: 2/2
   553 | D:1      | Reached XP level 3. HP: 33/33 MP: 3/3
   969 | D:2      | Reached skill level 4 in Shields
  1169 | D:2      | Reached XP level 4. HP: 37/40 MP: 4/4
  1870 | D:3      | Noticed Sigmund
  1902 | D:3      | Killed Sigmund
  1902 | D:3      | Reached skill level 1 in Short Blades
  1902 | D:3      | Reached skill level 1 in Throwing
  1902 | D:3      | Reached XP level 5. HP: 18/46 MP: 5/5
  1902 | D:3      | Reached XP level 6. HP: 20/52 MP: 6/6
  2250 | D:3      | Noticed Natasha
  2277 | D:3      | Killed Natasha
  2356 | D:3      | Noticed Natasha
  2366 | D:3      | Killed Natasha
  2803 | D:3      | Noticed Natasha
  2811 | D:3      | Killed Natasha
  2811 | D:3      | Reached skill level 5 in Armour
  2811 | D:3      | Reached skill level 5 in Shields
  2821 | D:4      | Noticed a phantom
  2862 | D:4      | Killed a phantom
  2862 | D:4      | Reached XP level 7. HP: 47/60 MP: 7/7
  3509 | D:5      | Entered Level 5 of the Dungeon
  3623 | D:5      | Noticed Menkaure
  3631 | D:5      | Killed Menkaure
  3631 | D:5      | Reached XP level 8. HP: 8/67 MP: 8/8
  3898 | D:5      | Found a blossoming altar of Fedhas.
  3909 | D:5      | Noticed an oklob plant
  4244 | D:5      | Reached skill level 5 in Fighting
  4244 | D:5      | Reached skill level 6 in Shields
  5076 | D:6      | Reached skill level 1 in Bows
  5076 | D:6      | Reached skill level 1 in Dodging
  5201 | D:6      | Reached XP level 9. HP: 70/74 MP: 9/9
  5748 | D:6      | Found a staircase to the Ecumenical Temple.
  6538 | Temple   | Entered the Ecumenical Temple
  6709 | Temple   | Became a worshipper of Cheibriados the Contemplative
  6917 | D:7      | Reached skill level 7 in Shields
  7081 | D:7      | Found an opulent altar of Gozag.
  7513 | D:8      | Reached * piety under Cheibriados
  7728 | D:8      | Reached XP level 10. HP: 78/83 MP: 10/10
  7775 | D:8      | Reached skill level 5 in Throwing
  7914 | D:8      | Reached skill level 8 in Shields
  8186 | D:8      | Found a staircase to the Lair.
  8299 | D:8      | Noticed Grum
  8313 | D:8      | Killed Grum
  8723 | D:9      | Noticed Erolcha
  8735 | D:9      | Killed Erolcha
  8942 | D:9      | Noticed a two-headed ogre
  8960 | D:9      | Killed a two-headed ogre
  8965 | D:9      | Reached skill level 9 in Shields
  9102 | D:9      | Found Kifemiq's General Store.
  9119 | D:9      | Bought an uncursed amulet of the gourmand for 330 gold pieces
  9271 | D:9      | Found a flagged portal.
  9517 | D:9      | Reached ** piety under Cheibriados
  9677 | D:9      | Noticed a two-headed ogre
  9687 | D:9      | Gained mutation: Your magical capacity is low. (-10% MP) [potion of mutation]
  9687 | D:9      | Gained mutation: Your magical capacity is very low. (-20% MP) [potion of mutation]
  9687 | D:9      | Gained mutation: You passively map a small area around you. [potion of mutation]
  9688 | D:9      | HP: 2/84 [two-headed ogre/giant spiked club (4)]
  9689 | D:9      | Mangled by a two-headed ogre

Skill      XL: |  1  2  3  4  5  6  7  8  9 10 |
---------------+-------------------------------+-----
Fighting       | 4 5 6 |  6.8
Shields        | 4 5 6 7 9 |  9.2
Long Blades    | 3 |  3.2
Armour         | 4 5 6 7 8 |  8.8
Short Blades   | 1 3 4 |  4.9
Throwing       | 1 2 3 4 5 |  5.5
Bows           | 2 3 |  3.2
Dodging        | 1 3 4 |  4.5
Stealth        | |  0.1

Action                   |  1- 3 |  4- 6 |  7- 9 | 10-12 || total
-------------------------+-------+-------+-------+-------++-------
Melee: Long sword        |   137 |    39 |       |       ||   176
       Short sword       |       |   120 |   490 |   255 ||   865
 Fire: Shortbow          |       |       |    24 |       ||    24
Throw: Tomahawk          |       |    30 |    51 |     4 ||    85
       Javelin           |       |       |    55 |    19 ||    74
  Use: Scroll            |     3 |     8 |    10 |     2 ||    23
       Potion            |       |     1 |     4 |     3 ||     8
  Eat: Chunk             |     1 |     1 |     2 |     3 ||     7
       Meat ration       |       |     1 |     1 |       ||     2
       Bread ration      |       |       |     2 |       ||     2
Armor: Scale mail        |    39 |       |       |       ||    39
       Plate armour      |    33 |    96 |   178 |   101 ||   408
Dodge: Dodged            |    57 |    16 |    53 |    70 ||   196
Block: Shield            |    75 |    61 |   207 |   166 ||   509
       Rpst.: Long sword |    19 |     1 |       |       ||    20
